 Dungeon Crawl Stone Soup version 0.13-a0-2979-gb6a86b3 (webtiles) character file.

65 Duskembrace the Vexing (level 2, -4/13 HPs)
             Began as a Spriggan Enchanter on Sept 7, 2013.
             Killed from afar by Terence (8 damage)
             ... with a wand of magic darts
             ... on Level 2 of the Dungeon.
             The game lasted 00:05:13 (1256 turns).

Duskembrace the Vexing (Spriggan Enchanter)         Turns: 1256, Time: 00:05:13

HP  -4/13        AC  3     Str  4      XL: 2   Next: 65%
MP   3/6         EV 18     Int 16      God:
Gold 44          SH  0     Dex 16      Spells:  2 memorised,  0 levels left

Res.Fire  : . . .   See Invis. : +   a - +1 dagger {=f}
Res.Cold  : . . .   Warding    : .   b - +1 robe
Life Prot.: . . .   Conserve   : .   (shield restricted)
Res.Poison: .       Res.Corr.  : .   (helmet restricted)
Res.Elec. : .       Clarity    : .   (no cloak)
Sust.Abil.: . .     Spirit.Shd : .   (gloves unavailable)
Res.Mut.  : .       Stasis     : .   (boots unavailable)
Res.Rott. : .       Flight     : .   (no amulet)
Saprovore : . . .                    (no ring)
                                     (no ring)

@: very quick, slightly resistant to hostile enchantments, stealthy
A: unfitting armour, see invisible, herbivore 3, speed 3, slow metabolism 2
a: no special abilities


You were on level 2 of the Dungeon.
You were not hungry.

You visited 1 branch of the dungeon, and saw 2 of its levels.

You collected 24 gold pieces.

Inventory:

Hand weapons
 a - a +1,+1 dagger (weapon) {=f}
Missiles
 d - 12 darts (quivered)
Armour
 b - a +1 robe (worn)
Comestibles
 j - a bread ration
Scrolls
 f - a scroll of fear {unknown}
 g - 2 scrolls of remove curse {unknown}
Potions
 e - a potion of porridge
 h - a potion of restore abilities {unknown}
 i - a potion of magic {unknown}
Books
 c - a book of Maledictions

   Spells                             Type                      Level
   *Corona                            Hexes                        1
   Sure Blade                         Hexes/Charms                 2
   *Ensorcelled Hibernation           Hexes/Ice                    2
   Confuse                            Hexes                        3
   Enslavement                        Hexes                        4
   Invisibility                       Hexes                        6


   Skills:
 + Level 1.1 Short Blades
 - Level 1.1 Throwing
 + Level 3.4 Dodging
 + Level 3.2 Stealth
 + Level 1.4 Spellcasting
 + Level 4.4 Hexes


You couldn't memorise any spells.
You knew the following spells:

 Your Spells              Type           Power        Failure   Level  Hunger
a - Corona                Hex            ###....      4%          1    ##.....
b - Ensorcelled Hibernat  Hex/Ice        #.....       14%         2    ###....


Dungeon Overview and Level Annotations

Branches:
Dungeon (2/27)

Altars:
Elyvilon

Annotations:
D:2 Terence


Innate Abilities, Weirdness & Mutations

You are tiny and cannot use many weapons and most armour.
You have supernaturally acute eyesight.
You are a herbivore.
You cover ground extremely quickly.
You need consume almost no food.


Message History

Press: ? - help, Shift-Dir - straight line, f - Terence
Aim: Terence, wielding a short sword and wearing a scale mail (severely wounded, unusually strong) Terence resists with some effort.
Terence zaps a wand.
The magic dart hits you!
Terence zaps a wand.
The magic dart hits you!
Casting: Ensorcelled Hibernation
Confirm with . or Enter, or press ? or * to list all spells.
Aiming: Ensorcelled Hibernation
Press: ? - help, Shift-Dir - straight line, f/p - Terence
Aim: Terence, wielding a short sword, wearing a scale mail and carrying a wand of magic darts {zapped: 2} (severely wounded, unusually strong) Terence resists with some effort.
Terence zaps a wand.
The magic dart hits you!
* * * LOW HITPOINT WARNING * * *
You start resting.
Casting: Ensorcelled Hibernation
Confirm with . or Enter, or press ? or * to list all spells.
Aiming: Ensorcelled Hibernation
Press: ? - help, Shift-Dir - straight line, f/p - Terence
Aim: Terence, wielding a short sword, wearing a scale mail and carrying a wand of magic darts {zapped: 3} (severely wounded, hasn't noticed you) Terence easily resists.
Terence zaps a wand.
The magic dart hits you!
Ouch! That really hurt!
You die...

# .# .# ..#
################..# .
........>.........#
#.########.#####.#.##
.......###.#####@..#
........##....##.####
.....#...@.##.#.....#
...
##.##.##.@...#.###### #
...##.####.#.#(.....##
#....##... #.#(........#
#.##.#####.#....######.#
.[.
#.#####.#<#..#≈≈≈≈#.# ##
#.........#.(#≈_.≈'.#


You could see Terence.

Vanquished Creatures
  A ball python (D:1)
  2 bats (D:1)
  A hobgoblin (D:1)
  4 kobolds (D:1)
  4 giant cockroaches (D:1)
  A giant newt (D:1)
  4 goblins
  3 rats (D:1)
20 creatures vanquished.

Notes
Turn   | Place    | Note
--------------------------------------------------------------
     0 | D:1      | Duskembrace, the Spriggan Enchanter, began the quest for the Orb.
     0 | D:1      | Reached XP level 1. HP: 9/9 MP: 4/4
   325 | D:1      | Reached skill level 4 in Hexes
   701 | D:1      | Reached XP level 2. HP: 13/13 MP: 6/6
   705 | D:1      | Learned a level 2 spell: Ensorcelled Hibernation
  1182 | D:2      | Found a white marble altar of Elyvilon.
  1214 | D:2      | Noticed Terence
  1256 | D:2      | Killed from afar by Terence

Action                   || total
-------------------------++-------
Melee: Dagger            ||    71
 Cast: Corona            ||    11
       Ensorcelled Hiber ||     4
 Stab: Sleeping          ||     5
